 Dungeon Crawl Stone Soup version 0.31-a0-868-g674d60d6f7 (webtiles) character file.

Game seed: 9482302606798166205

3056 Shayle the Changeling (level 10, -5/76 HPs)
             Began as a Human Shapeshifter on Oct 12, 2023.
             Was an Initiate of Gozag.
             Slain by a white ugly thing (11 damage)
             ... in an ice cave.
             The game lasted 00:25:56 (8770 turns).

Shayle the Changeling (Human Shapeshifter)          Turns: 8770, Time: 00:25:58

Health: -5/76      AC: 15    Str: 14    XL:     10   Next: 11%
Magic:  24/24      EV: 14    Int: 15    God:    Gozag
Gold:   860        SH:  0    Dex: 19    Spells: 8/16 levels left

rFire   . . .        x - +1 whip (venom)
rCold   + . .        (no shield)
rNeg    . . .        i - +3 leather armour {rC+}
rPois   .            l - +1 helmet
rElec   +            E - +1 cloak
rCorr   .            o - +1 pair of gloves of Minor Irritation {rElec}
SInv    .            s - +2 pair of boots
Will    .....        (no amulet)
Stlth   +            g - +6 ring of dexterity
HPRegen 0.32/turn    m - ring of magical power
MPRegen 0.19/turn

%: clarity
@: about to teleport, gold aura, invisible
A: clarity
a: Renounce Religion, Potion Petition, Call Merchant, Bribe Branch


You were in an ice cave.
You worshipped Gozag.
Gozag was pleased with you.
You visited 3 branches of the dungeon, and saw 10 of its levels.
You also visited: Sewer, Ossuary and Ice Cave.

You collected 1222 gold pieces.
You paid 362 gold pieces to Gozag.

Inventory:

Hand Weapons
 b - a +1 flail of holy wrath
 j - a +2 dagger of protection
 p - a +2 vampiric falchion
 x - a +1 whip of venom (weapon)
Armour
 a - a +0 animal skin
 i - a +3 leather armour of cold resistance (worn)
 k - a +0 ring mail
 l - a +1 helmet (worn)
 o - the +1 pair of gloves of Minor Irritation (worn) {rElec}
   (You found it on level 3 of the Dungeon)

   rElec:     It insulates you from electricity.
 s - a +2 pair of boots (worn)
 E - a +1 cloak (worn)
Jewellery
 g - a +6 ring of dexterity (left hand)
 m - a ring of magical power (right hand)
 B - a ring of resist corrosion
Talismans
 d - a flux talisman
 D - a beast talisman
Wands
 f - a wand of polymorph (5)
 n - a wand of flame (28)
 t - a wand of iceblast (2)
Scrolls
 e - 2 scrolls of teleportation
 y - 2 scrolls of fog
Potions
 r - a potion of ambrosia {unknown}
 v - a potion of invisibility


   Skills:
 + Level 5.8 Fighting
 - Level 4.5 Dodging
 - Level 5.0 Unarmed Combat
 + Level 3.5 Spellcasting
 + Level 3.7 Conjurations
 + Level 3.2 Ice Magic
 + Level 3.7 Air Magic
 + Level 3.7 Poison Magic
 + Level 6.0 Shapeshifting


You had 8 spell levels left.
You knew the following spells:

 Your Spells              Type           Power      Damage    Failure   Level
a - Mephitic Cloud        Conj/Pois/Air  13%        N/A       16%         3
b - Freezing Cloud        Conj/Ice/Air   6%         6-21      83%         5

Your spell library contained the following spells:

 Spells                   Type           Power      Damage    Failure   Level
 Magic Dart               Conj           52%        1d5       5%          1
 Shock                    Conj/Air       52%        1d6       5%          1
 Poisonous Vapours        Pois/Air       26%        N/A       8%          2
 Swiftness                Air            13%        N/A       16%         3
 Call Imp                 Summ           4%         N/A       36%         2
 Sublimation of Blood     Necr           2%         N/A       36%         2
 Wereblood                Tmut           2%         N/A       36%         2
 Airstrike                Air            6%         2d(1-17)  45%         4
 Olgreb's Toxic Radiance  Pois           13%        N/A       45%         4
 Summon Hydra             Summ           1%         N/A       100%        7
 Discord                  Hex            1%         N/A       100%        8
 Ignition                 Fire           1%         3d3       100%        8


Dungeon Overview and Level Annotations

Branches:
Dungeon (8/15)             Temple (1/1) D:4            Lair (1/5) D:8
  Sewer (visited)         Ossuary (visited)           IceCv (1/1)

Altars:
Ashenzari
Cheibriados
Elyvilon
Fedhas
Gozag
Hepliaklqana
Kikubaaqudgha
Nemelex Xobeh
Okawaru
Qazlal
Ru
Sif Muna
Uskayaw
Wu Jian
Yredelemnul
Zin

Annotations:
D:5 1 runed translucent door, Crazy Yiuf
D:7 Pikel IceCv 1 transporter


Innate Abilities, Weirdness & Mutations

You possess an exceptional clarity of mind.


Message History

Aiming: Charm
Press: ? - help, Shift-Dir - straight line, f/p - white ugly thing
Aim: a white ugly thing (heavily wounded, inner flame, chance to affect: 31%)
The white ugly thing easily resists.
Aiming: Charm
Press: ? - help, Shift-Dir - straight line, f/p - white ugly thing
Aim: a white ugly thing (heavily wounded, inner flame, chance to affect: 31%)
The white ugly thing easily resists.
The white ugly thing tentacle-slaps you!
The white ugly thing freezes you! You resist.
Aiming: Charm
Press: ? - help, Shift-Dir - straight line, f/p - white ugly thing
Aim: a white ugly thing (heavily wounded, inner flame, chance to affect: 31%)
The white ugly thing easily resists.
The now-empty wand crumbles to dust.
The white ugly thing tentacle-slaps you.
The white ugly thing freezes you! You resist.
Aiming: Polymorph
Press: ? - help, Shift-Dir - straight line, f/p - white ugly thing
Aim: a white ugly thing (heavily wounded, inner flame, will change colour)
Okay, then.
Found a transporter.
The white ugly thing tentacle-slaps you but does no damage.
You see here 2 gold pieces.
You now have 860 gold pieces (gained 2).
The white ugly thing barely misses you.
The white ugly thing attacks as it pursues you!
The white ugly thing tentacle-slaps you!
The white ugly thing freezes you! You resist.
As you read the scroll of teleportation, it crumbles to dust.
You feel strangely unstable.
The white ugly thing tentacle-slaps you!
* * * LOW HITPOINT WARNING * * *
The white ugly thing freezes you! You resist.
* * * LOW HITPOINT WARNING * * *
Unknown command.
It was a potion of invisibility.
You fade into invisibility!
The white ugly thing tentacle-slaps you!
You die...
Your body crumbles into a pile of gold.

..... ..©..
#######
.8©8...##
.$.©.$...#
...)[?....##
#......?......#
#...$8...8..@.#
#......$....u.#
#...........##
#...$.......#
#.........$.#
#...°○§...##
#..○∩...##
##.§○..##
#######


You could see a white ugly thing (inner flame, unable to see you).

Vanquished Creatures
  Maurice (D:8)
  Grinder (D:4)
  Eustachio (D:6)
  Menkaure (D:5)
  Pargi (Sewer)
  A water moccasin (Lair:1)
  A sky beast (D:6)
  An ogre (D:6)
  3 centaurs
  A lemure (D:8)
  A phantom (D:5)
  3 kobold brigands
  2 bullfrogs (D:7)
  2 wights (D:6)
  3 vampire bats (D:5)
  A howler monkey (D:6)
  A human zombie (Ossuary)
  A jelly (D:5)
  2 orc priests
  2 hounds
  Jessica (D:3)
  Ijyb (D:3)
  4 iguanas
  7 orc wizards
  2 wolf simulacra (IceCv)
  2 mummies (Ossuary)
  Robin (D:2)
  9 gnolls
  11 adders
  A river rat (D:6)
  2 white imps
  3 worms
  A dart slug (D:2)
  21 orcs
  9 bats
  3 bat skeletons (D:5)
  A bat zombie (D:5)
  5 endoplasms
  4 giant cockroaches
  3 gnoll zombies (Ossuary)
  13 goblins
  10 hobgoblins
  5 jackals
  5 quokkas
  12 ball pythons
  6 goblin zombies (Ossuary)
  3 hobgoblin zombies (Ossuary)
  23 kobolds
  An orc zombie (Ossuary)
  6 rats
205 creatures vanquished.

Vanquished Creatures (others)
  A wight (D:6)
  An orc wizard (D:3)
2 creatures vanquished.

Grand Total: 207 creatures vanquished

Notes
Turn   | Place    | Note
-------+----------+-------------------------------------------
     0 | D:1      | Shayle the Human Shapeshifter began the quest for the Orb.
     0 | D:1      | Reached XP level 1. HP: 15/15 MP: 1/1
    78 | D:1      | Reached XP level 2. HP: 21/21 MP: 2/2
   578 | D:1      | Reached XP level 3. HP: 23/26 MP: 3/3
  1266 | D:2      | Noticed Robin
  1279 | D:2      | Reached XP level 4. HP: 30/33 MP: 4/4
  1759 | D:2      | Killed Robin
  1760 | D:2      | Reached XP level 5. HP: 27/38 MP: 5/5
  2220 | D:3      | Found an ornate altar of the Wu Jian Council.
  2245 | D:3      | Noticed Ijyb
  2257 | D:3      | Killed Ijyb
  2446 | D:3      | Identified the +1 pair of gloves of Minor Irritation
                  | {rElec}
  2446 | D:3      | Noticed Jessica
  2458 | D:3      | Killed Jessica
  2459 | D:3      | Reached XP level 6. HP: 12/46 MP: 6/6
  2682 | D:3      | Reached skill level 4 in Shapeshifting
  3460 | D:4      | Noticed Grinder
  3483 | D:4      | Paralysed by Grinder for 3 turns
  3488 | D:4      | Killed Grinder
  3489 | D:4      | Reached XP level 7. HP: 8/52 MP: 7/7
  3694 | D:4      | Found a sand-covered staircase.
  3700 | Ossuary  | Entered an ossuary
  3846 | Ossuary  | Reached skill level 5 in Unarmed Combat
  4263 | D:4      | Found a staircase to the Ecumenical Temple.
  4279 | Temple   | Entered the Ecumenical Temple
  4341 | Temple   | Became a worshipper of Gozag Ym Sagoz the Greedy
  4463 | D:4      | Reached XP level 8. HP: 58/60 MP: 8/8
  4521 | D:4      | Learned a level 3 spell: Mephitic Cloud
  4736 | D:5      | Entered Level 5 of the Dungeon
  4736 | D:5      | Noticed Menkaure
  4740 | D:5      | Killed Menkaure
  4757 | D:5      | Reached skill level 1 in Conjurations
  4757 | D:5      | Reached skill level 1 in Air Magic
  4757 | D:5      | Reached skill level 1 in Poison Magic
  4831 | D:4      | Reached skill level 1 in Spellcasting
  4907 | D:5      | Reached skill level 5 in Shapeshifting
  5051 | D:5      | Found a sacrificial altar of Ru.
  5483 | D:5      | Found a runed translucent door.
  5484 | D:5      | Noticed Crazy Yiuf
  5661 | D:5      | Learned a level 5 spell: Freezing Cloud
  5676 | D:5      | Found an ancient bone altar of Kikubaaqudgha.
  5975 | D:6      | Gained mutation: You possess an exceptional clarity of
                  | mind. [potion of mutation]
  5982 | D:6      | Reached skill level 1 in Ice Magic
  5986 | D:6      | HP: 3/61 [something (1)]
  6171 | D:6      | Found a glowing drain.
  6181 | Sewer    | Entered a sewer
  6312 | Sewer    | Reached XP level 9. HP: 65/66 MP: 12/12
  6421 | Sewer    | Noticed Pargi
  6432 | Sewer    | Killed Pargi
  6690 | D:6      | Reached skill level 5 in Fighting
  7336 | D:6      | Noticed Eustachio
  7394 | D:6      | Killed Eustachio
  7754 | D:7      | Found a broken altar of Ashenzari.
  7911 | D:7      | Found a shimmering blue altar of Sif Muna.
  8342 | D:7      | Noticed Pikel
  8409 | D:8      | Noticed Maurice
  8413 | D:8      | Something stole a beast talisman
  8417 | D:8      | Something stole a +1 flail of holy wrath
  8421 | D:8      | Something stole a ring of resist corrosion
  8422 | D:8      | Something stole a throwing net
  8424 | D:8      | Something stole 586 gold
  8427 | D:8      | Killed Maurice
  8428 | D:8      | Reached skill level 6 in Shapeshifting
  8428 | D:8      | Reached XP level 10. HP: 68/76 MP: 15/15
  8709 | D:8      | Found a staircase to the Lair.
  8725 | Lair:1   | Entered Level 1 of the Lair of Beasts
  8725 | Lair:1   | Found a frozen archway.
  8748 | IceCv    | Entered an ice cave
  8748 | IceCv    | Noticed a white ugly thing
  8764 | IceCv    | Found a transporter.
  8770 | IceCv    | Slain by a white ugly thing

Illustrated notes

Levels and vault maps discovered:
D:1:      minmay_arrival_stair_chambers, layout_loops_corners
D:2:      layout_basic, minmay_tromino_i4, uniq_robin
D:3:      layout_rooms, nzn_wu_jian_council_hall, serial_park_tiny_2,
          minmay_snake_closets, uniq_jessica, uniq_ijyb
D:4:      layout_loops_ring, minmay_temple_entry_large_hall,
          nicolae_ossuary_entry_plus, uniq_grinder
D:5:      layout_loops_ring, nicolae_ru_the_path_less_chosen,
          kennysheep_vampire_church, hangedman_decor_clover_reticule,
          dreamdust_gnoll_farm, uniq_crazy_yiuf_cottage, uniq_menkaure
D:6:      layout_gridville, portal_sewer_entry_a, uniq_eustachio
D:7:      layout_rooms, grunt_temple_overflow_lords_of_destruction,
          mainiacjoe_overflow_alcove_2, ashenzari_altar_1, uniq_pikel
D:8:      layout_basic, dpeg_oklobed_lair, minivault_14,
          nicolae_diode_intersection, uniq_maurice
Temple:   minmay_temple_curvy_loop
Lair:1:   layout_gridlike, portal_ice_cave_entry_pillars_1, lemuel_fruit_fields
IceCv:    ice_cave_statue_garden_transporter

Skill      XL: |  1  2  3  4  5  6  7  8  9 |
---------------+----------------------------+-----
Fighting       | 2 3 4 5 |  5.8
Dodging        | 3 4 |  4.5
Unarmed Combat | 4 5 |  5.0
Shapeshifting  | 4 5 6 |  6.0
Conjurations   | 2 3 |  3.7
Air Magic      | 2 3 |  3.7
Poison Magic   | 2 3 |  3.7
Spellcasting   | 2 3 |  3.5
Ice Magic      | 1 3 |  3.2

Action                     |  1- 3 |  4- 6 |  7- 9 | 10-12 || total
---------------------------+-------+-------+-------+-------++-------
  Melee: Unarmed           |    94 |   219 |   516 |       ||   829
         Punch             |     4 |     6 |    19 |     1 ||    30
         Whip              |       |       |    44 |    42 ||    86
  Throw: Throwing net      |       |       |       |     1 ||     1
 Invoke: Potion Petition   |       |       |     1 |       ||     1
Ability: Begin Untransform |       |       |     1 |       ||     1
  Evoke: Wand              |       |     2 |    12 |     7 ||    21
    Use: Potion            |       |     6 |     9 |     1 ||    16
         Scroll            |       |     2 |     6 |     9 ||    17
   Stab: Sleeping          |     3 |       |       |     1 ||     4
         Distracted        |       |       |     1 |       ||     1
 Armour: Animal skin       |    51 |    60 |       |       ||   111
         Skin              |       |    21 |       |       ||    21
         Ring mail         |       |    81 |   348 |       ||   429
         Leather armour    |       |       |    81 |    29 ||   110
  Dodge: Dodged            |    57 |   103 |   381 |    23 ||   564

Table legend: (Time is in decaauts)
 A = Elapsed time spent in this place.
 B = Non-inter-level travel time spent in this place.
 C = Inter-level travel time spent in this place.
 D = Time resting spent in this place.
 E = Time spent auto-exploring this place.
 F = Levels seen in this place.
 G = Mean time per level.
                   A        B        C        D        E       F      G
               +--------+--------+--------+--------+--------+-----+--------+
         Total |   8693 |   8259 |    434 |   1539 |   3942 |  13 |  668.7 |
       Dungeon |   7875 |   7518 |    357 |   1255 |   3898 |   8 |  984.4 |
        Temple |     97 |     20 |     77 |      0 |      5 |   1 |   97.0 |
          Lair |     24 |     24 |      0 |      0 |      0 |   1 |   24.0 |
         Sewer |    300 |    300 |      0 |    152 |      0 |   1 |  300.0 |
       Ossuary |    373 |    373 |      0 |    132 |     39 |   1 |  373.0 |
      Ice Cave |     21 |     21 |      0 |      0 |      0 |   1 |   21.0 |
               +--------+--------+--------+--------+--------+-----+--------+

Top non-repeatable levels by time:
     D:6: 1790 daAuts
     D:3: 1264 daAuts
     D:1: 1142 daAuts
     D:5: 1099 daAuts
     D:2: 1020 daAuts
     D:4: 833 daAuts
     D:8: 378 daAuts
 Ossuary: 373 daAuts
     D:7: 346 daAuts
   Sewer: 300 daAuts
  Temple: 97 daAuts
  Lair:1: 24 daAuts
   IceCv: 21 daAuts
